 Seeded DCSS version 0.30.1-8-g117510f58f (webtiles) character file.

Game seed: 15281539567716681188 (custom seed)

61366 Psyclone the Eclecticist (level 14, 84/84 HPs)
             Began as a Deep Elf Conjurer on Sept 22, 2023.
             Was an Initiate of Gozag.
             Quit the game on level 2 of the Orcish Mines.
             The game lasted 01:36:09 (22770 turns).

Psyclone the Eclecticist (Deep Elf Conjurer)       Turns: 22770, Time: 01:36:10

Health: 84/84      AC: 16    Str:  3    XL:     14   Next: 60%
Magic:  21/36      EV: 19    Int: 33    God:    Gozag
Gold:   5664       SH: 13    Dex: 12    Spells: 18/45 levels left

rFire   x . .        a - +1 dagger (elec)
rCold   . . .        e - +3 buckler of Courage {Regen+}
rNeg    . . .        f - +1 robe {Archmagi}
rPois   +            (no helmet)
rElec   .            w - +2 cloak
rCorr   +            E - +2 pair of gloves
SInv    .            m - +2 pair of boots
Will    ++...        D - amulet of reflection
Stlth   ++           p - +4 ring of protection
HPRegen 1.14/turn    X - ring of Desertification {rPois rF- rCorr EV+5 Slay+6}
MPRegen 0.25/turn

%: reflection, archmagi
@: no status effects
A: clever 1, strong-willed 1
a: Renounce Religion, Potion Petition, Call Merchant, Bribe Branch


You were on level 2 of the Orcish Mines.
You worshipped Gozag.
Gozag was greatly pleased with you.
You visited 3 branches of the dungeon, and saw 18 of its levels.
You also visited: Ice Cave.

You collected 6141 gold pieces.
You spent 429 gold pieces at shops.
You paid 48 gold pieces to Gozag.

Inventory:

Hand Weapons
 a - a +1 dagger of electrocution (weapon)
Missiles
 P - 2 throwing nets {!f}
Armour
 e - the +3 buckler of Courage (worn) {Regen+}
   (You acquired it on level 1 of the Lair of Beasts)

   Regen:     It increases your rate of health regeneration.
 f - a +1 robe of the Archmagi (worn)
 m - a +2 pair of boots (worn)
 w - a +2 cloak (worn)
 E - a +2 pair of gloves (worn)
Jewellery
 p - a +4 ring of protection (left hand)
 D - an amulet of reflection (around neck)
 J - a ring of magical power
 N - an amulet of regeneration
 W - the ring "Hauteo" {rPois rF+ rC- Str+6 Dex+3}
   (You found it on level 5 of the Lair of Beasts)

   [ring of protection from fire]

   Str:       It affects your strength (+6).
   Dex:       It affects your dexterity (+3).
   rF:        It protects you from fire.
   rC:        It makes you vulnerable to cold.
   rPois:     It protects you from poison.
 X - the ring of Desertification (right hand) {rPois rF- rCorr EV+5 Slay+6}
   (You found it in an ice cave)

   [ring of evasion]

   EV:        It affects your evasion (+5).
   Slay:      It affects your accuracy & damage with ranged weapons and melee
   (+6).
   rF:        It makes you vulnerable to fire.
   rPois:     It protects you from poison.
   rCorr:     It protects you from acid and corrosion.
 Y - a +6 ring of intelligence
 Z - a +6 ring of intelligence
Wands
 C - a wand of polymorph (12)
 F - a wand of iceblast (11)
 I - a wand of acid (6)
 Q - a wand of mindburst (6)
 R - a wand of flame (5)
 U - a wand of digging (3)
 V - a wand of charming (7)
Scrolls
 c - 9 scrolls of teleportation {unknown}
 i - a scroll of poison
 j - 6 scrolls of fog {unknown}
 k - a scroll of magic mapping
 l - 3 scrolls of fear {unknown}
 o - 3 scrolls of summoning {unknown}
 q - 2 scrolls of enchant weapon {unknown}
 t - a scroll of vulnerability {unknown}
 x - 2 scrolls of amnesia
 y - 8 scrolls of immolation
 L - 2 scrolls of blinking
 M - 3 scrolls of noise
 O - 5 scrolls of identify {@r1}
 S - 2 scrolls of enchant armour
 T - a scroll of brand weapon
Potions
 b - 2 potions of magic
 d - 3 potions of heal wounds
 g - 4 potions of brilliance {unknown}
 h - 4 potions of cancellation {unknown}
 n - 5 potions of mutation
 r - 3 potions of berserk rage {unknown}
 s - 5 potions of curing
 u - 2 potions of flight
 v - 2 potions of attraction
 z - 2 potions of resistance
 A - 3 potions of ambrosia
 B - 2 potions of haste
 G - 2 potions of might
 H - 4 potions of invisibility
 K - 3 potions of lignification


   Skills:
 - Level 8.0 Fighting
 - Level 8.0 Dodging
 - Level 2.4 Stealth
 - Level 4.0 Shields
 - Level 16.3 Spellcasting
 - Level 13.7 Conjurations
 - Level 6.0 Hexes
 + Level 13.0 Air Magic
 - Level 8.0 Poison Magic


You had 18 spell levels left.
You knew the following spells:

 Your Spells              Type           Power      Damage    Failure   Level
a - Magic Dart            Conj           100%       1d8       0%          1
b - Searing Ray           Conj           100%       2d8       0%          2
c - Arcjolt               Conj/Air       53%        1d63      1%          5
d - Fulminant Prism       Conj/Hex       47%        3d21      1%          4
e - Vhi's Electric Charg  Tloc/Air       100%       N/A       1%          3
f - Plasma Beam           Fire/Air       40%        2x1d59    30%         6
v - Poisonous Vapours     Pois/Air       100%       N/A       1%          2
x - Olgreb's Toxic Radia  Pois           88%        N/A       1%          4

Your spell library contained the following spells:

 Spells                   Type           Power      Damage    Failure   Level
 Kiss of Death            Conj/Necr      100%       2d13      1%          1
 Sting                    Tmut/Pois      100%       1d8       1%          1
 Confusing Touch          Hex            79%        N/A       1%          3
 Dazzling Flash           Conj/Hex       100%       N/A       1%          3
 Flame Wave               Conj/Fire      83%        2d18      1%          4
 Iskenderun's Mystic Bla  Conj/Tloc      83%        2d16      1%          4
 Sticky Flame             Conj/Fire      83%        2d9       1%          4
 Inner Flame              Hex/Fire       63%        N/A       2%          3
 Summon Mana Viper        Hex/Summ       63%        N/A       24%         5
 Dispel Undead            Necr           40%        3d16      30%         4
 Summon Forest            Summ/Tloc      20%        N/A       63%         5
 Summon Cactus Giant      Summ           20%        N/A       99%         6


Dungeon Overview and Level Annotations

Branches:
Dungeon (11/15) Zot: 25402  Temple (0/1) D:6            Lair (5/5) D:10 Zot: 22421
  Swamp (0/4) Lair:3        Snake (0/4) Lair:2        Slime (0/5) Lair:5
    Orc (2/2) D:10 Zot: 11142     Elf (0/3) Orc:2         IceCv (visited)

Altars:
Cheibriados
Gozag
Hepliaklqana
Qazlal
Ru
Sif Muna
Trog

Shops:
D:3 *   D:10 (   Orc:1 !   Orc:2 [*(!

Annotations:
D:4 exclusion: downstairs
D:10 exclusion: downstairs
Lair:3 exclusion: downstairs


Innate Abilities, Weirdness & Mutations

Your mind is acute. (Int +4, Str/Dex -1)
You are strong-willed. (Will+)


Message History

You regained 7 mp, and now have 12/36 mp.
You start resting.
An orc warrior comes into view. It is wielding a +0 mace of protection.
You regained 6 mp, and now have 18/36 mp.
Casting: Olgreb's Toxic Radiance (mildly dangerous; 1% risk of failure)
Confirm with . or Enter, or press ? or * to list all spells.
You feel a surge of power!
You begin to radiate toxic energy.
The orc warrior is poisoned.
The orc warrior looks even sicker.
You now have 14/36 mp.
The orc warrior looks even sicker.
The orc warrior looks as sick as possible!
The orc warrior looks as sick as possible!
Your toxic aura wanes.
You hit the orc warrior but do no damage.
The orc warrior is almost dead.
You block the orc warrior's attack.
You hit the orc warrior but do no damage.
The orc warrior is almost dead.
You block the orc warrior's attack. x2
You hit the orc warrior.
The orc warrior is almost dead.
You block the orc warrior's attack.
You hit the orc warrior but do no damage.
Lightning courses through the orc warrior!!
You kill the orc warrior!
You now have 6093 gold pieces (gained 6).
Items here: )))) [[.
Items here: ))) [.
Found Wipt's Distillery and Juvuimox's Assorted Antiques.
Found Xiraups's Antique Armour Boutique.
There is an entrance to Qoazxast's Weapon Shop here.
There is an entrance to Juvuimox's Assorted Antiques here.
There is an entrance to Wipt's Distillery here.
There is an entrance to Qoazxast's Weapon Shop here.
There is an entrance to Xiraups's Antique Armour Boutique here.
Thank you for shopping at Xiraups's Antique Armour Boutique!
There is an entrance to Xiraups's Antique Armour Boutique here.
Things that are here:
the +0 leather armour of Happy Babbling {Str+5}; the +1 buckler of Amorality {Str+2 Int+3 Stlth+} Are you sure you want to abandon this character and quit the game? (Confirm with "yes".)

,,,,,,*,,**....,,,,,....**,,,,,*,
,,,,,**,**,,...,,,,,...,,**,,,*,,
,,,,,,*,*.,,,..#####..,,,.*,,,**,
,,,,,,,,*..,,,..#.#..,,,..*,,**,,
,,,,,,,,*....,*.....*,....*,,**,,
.......,*....###...###....*,,<,,,
......#.*,,#..#.....#..#,,*,,,,,,
........#,,##...#∩#...##,,*,,,,,,
........#.,#....@.∩...o#,,*,,,,,,
........#..##...#∩#...##,,*,,,,,,
........#..#..#.....#..#,,*,,,,,,
..#.....#....###...##*....*,,,,,,
<.......#.....#.....#.....*,,,,,,
........#.....$.#.#..$....*,,,,,,
#.......#...$$.#####$.$...*,,,,,,
.#......##........$$$$.$.**,,,,**
.........##...)..$.$..$.#*,,,,,,*


You could see an orc warrior (wandering).

Vanquished Creatures
  A white draconian (IceCv)
  Harold (D:10)
  5 hydras
  A boulder beetle (Lair:4)
  2 two-headed ogres
  5 death yaks
  4 orc high priests (Orc:2)
  3 skysharks
  A goliath frog (Lair:5)
  An orc knight (Orc:1)
  A bog body (Lair:3)
  An orc sorcerer (Orc:2)
  A manticore (D:11)
  8 elephants
  A cyclops (D:11)
  6 black mambas
  2 ice statues (IceCv)
  A torpor snail (Lair:5)
  A gargoyle (D:11)
  16 cane toads
  13 komodo dragons
  An unseen horror (D:10)
  8 rime drakes
  4 trolls
  A tyrant leech (Lair:5)
  2 hornets
  26 blink frogs
  2 slime creatures (D:7)
  62 yaks
  A shadow (D:9)
  2 wraiths
  4 wyverns
  A basilisk (Lair:1)
  2 vampire mosquitoes (Lair:5)
  A steam dragon (Lair:2)
  2 wargs (Orc:1)
  2 acid dragons
  41 water moccasins
  15 orc warriors
  An ice beast (D:6)
  3 black bears
  3 ogres
  3 centaurs
  12 wolves (Lair:2)
  2 kobold brigands
  17 bullfrogs
  2 scorpions
  5 wights (D:7)
  5 lindwurm simulacra (IceCv)
  9 killer bees (D:10)
  3 electric eels
  5 howler monkeys
  2 komodo dragon simulacra (IceCv)
  4 hounds
  23 orc priests
  A gnoll bouda (D:4)
  6 jellies
  Natasha (thrice) (D:3)
  An iguana (D:5)
  28 orc wizards
  6 hell rats (Lair:4)
  3 acid dragon simulacra (IceCv)
  22 adders
  4 gnolls (D:4)
  A shadow imp (D:7)
  11 steam dragon simulacra (IceCv)
  A worm (D:2)
  61 orcs
  9 endoplasms
  5 giant cockroaches
  2 goblins (D:3)
  8 hobgoblins
  3 jackals
  3 quokkas
  5 ball pythons
  2 bats (D:3)
  4 frilled lizards
  16 kobolds
  9 rats
565 creatures vanquished.

Vanquished Creatures (others)
  188 fulminant prisms
188 creatures vanquished.

Grand Total: 753 creatures vanquished

Notes
Turn   | Place    | Note
-------+----------+-------------------------------------------
     0 | D:1      | Psyclone the Deep Elf Conjurer began the quest for the Orb.
     0 | D:1      | Reached XP level 1. HP: 10/10 MP: 6/6
   332 | D:1      | Reached XP level 2. HP: 15/15 MP: 2/8
  1003 | D:2      | Learned a level 2 spell: Searing Ray
  1127 | D:2      | Reached skill level 4 in Spellcasting
  1201 | D:2      | Reached skill level 5 in Conjurations
  1201 | D:2      | Reached XP level 3. HP: 19/19 MP: 1/10
  2155 | D:3      | Found Gozag's Platinum Reserve.
  2161 | D:3      | Found an opulent altar of Gozag.
  2187 | D:3      | Became a worshipper of Gozag Ym Sagoz the Greedy
  2215 | D:3      | Noticed Natasha
  2225 | D:3      | Killed Natasha
  2226 | D:3      | Reached XP level 4. HP: 11/24 MP: 5/12
  2587 | D:4      | Learned a level 4 spell: Fulminant Prism
  2737 | D:4      | Noticed a scorpion
  2822 | D:4      | Killed a scorpion
  2823 | D:4      | Reached skill level 5 in Spellcasting
  2876 | D:4      | Reached XP level 5. HP: 24/28 MP: 11/15
  3131 | D:4      | Found a bloodstained altar of Trog.
  3217 | D:4      | Reached skill level 6 in Spellcasting
  3528 | D:4      | Reached XP level 6. HP: 32/32 MP: 12/17
  3792 | D:3      | Noticed Natasha
  3800 | D:3      | Killed Natasha
  3804 | D:3      | Noticed Natasha
  3807 | D:3      | Killed Natasha
  3850 | D:5      | Entered Level 5 of the Dungeon
  3855 | D:5      | Noticed a yak
  3855 | D:5      | Noticed a yak
  3942 | D:5      | Reached skill level 1 in Hexes
  4357 | D:5      | Reached XP level 7. HP: 36/36 MP: 15/19
  4372 | D:5      | Reached skill level 5 in Hexes
  4751 | D:5      | Noticed a yak
  4789 | D:5      | Noticed a yak
  4820 | D:5      | Killed a yak
  4821 | D:5      | Reached skill level 7 in Spellcasting
  5045 | D:5      | Noticed a yak
  5052 | D:5      | Killed a yak
  5053 | D:5      | Reached skill level 8 in Spellcasting
  5053 | D:5      | Reached XP level 8. HP: 41/41 MP: 13/22
  5072 | D:5      | Reached skill level 9 in Spellcasting
  5625 | D:6      | Reached skill level 10 in Spellcasting
  5729 | D:6      | Found a shimmering blue altar of Sif Muna.
  6007 | D:6      | Reached XP level 9. HP: 45/45 MP: 11/25
  6269 | D:6      | Found a staircase to the Ecumenical Temple.
  6789 | D:7      | Reached skill level 11 in Spellcasting
  6789 | D:7      | Reached skill level 10 in Conjurations
  6948 | D:7      | Identified the +1 ring mail of the Ageless Curses {Will+
                  | Str+2}
  7132 | D:7      | Found a stormy altar of Qazlal.
  7255 | D:7      | Found a snail-covered altar of Cheibriados.
  7257 | D:7      | Found a hazy altar of Hepliaklqana.
  7308 | D:7      | Found a sacrificial altar of Ru.
  7723 | D:7      | Reached skill level 12 in Spellcasting
  7885 | D:7      | Gained mutation: You are partially covered in iridescent
                  | scales. (AC +2) [potion of mutation]
  7885 | D:7      | Gained mutation: You are mostly covered in iridescent
                  | scales. (AC +4) [potion of mutation]
  7885 | D:7      | Gained mutation: Your body sometimes deteriorates upon
                  | taking damage. [potion of mutation]
  7886 | D:7      | Lost mutation: You are mostly covered in iridescent scales.
                  | (AC +4) [potion of mutation]
  7886 | D:7      | Lost mutation: You are partially covered in iridescent
                  | scales. (AC +2) [potion of mutation]
  7886 | D:7      | Gained mutation: Your mind is acute. (Int +4, Str/Dex -1)
                  | [potion of mutation]
  7886 | D:7      | Lost mutation: Your body sometimes deteriorates upon taking
                  | damage. [potion of mutation]
  7886 | D:7      | Gained mutation: You are strong-willed. (Will+) [potion of
                  | mutation]
  8218 | D:8      | Reached XP level 10. HP: 50/50 MP: 16/28
  8344 | D:8      | You fall into a shaft and drop 1 floor!
  8470 | D:8      | Reached skill level 13 in Spellcasting
  9191 | D:9      | Reached skill level 14 in Spellcasting
  9657 | D:9      | Noticed a two-headed ogre
  9666 | D:9      | Killed a two-headed ogre
  9923 | D:9      | Reached skill level 15 in Spellcasting
  9923 | D:9      | Reached XP level 11. HP: 48/54 MP: 25/32
 10470 | D:10     | Entered Level 10 of the Dungeon
 10643 | D:10     | Found a staircase to the Orcish Mines.
 11172 | D:10     | Found a staircase to the Lair.
 11238 | D:10     | Found Ise Koas's Weapon Emporium.
 11569 | D:10     | Reached skill level 1 in Fighting
 11620 | D:10     | Noticed Harold
 11643 | D:10     | Killed Harold
 12020 | D:10     | Reached skill level 5 in Dodging
 12196 | D:11     | Noticed a two-headed ogre
 12363 | D:11     | Learned a level 2 spell: Poisonous Vapours
 12368 | D:11     | Learned a level 4 spell: Olgreb's Toxic Radiance
 13090 | D:11     | Killed a two-headed ogre
 13275 | D:11     | Reached skill level 5 in Poison Magic
 13676 | Lair:1   | Entered Level 1 of the Lair of Beasts
 13688 | Lair:1   | Reached skill level 1 in Shields
 14055 | Lair:1   | Identified a scroll of acquirement
 14055 | Lair:1   | Acquired the +3 buckler of Courage {Regen+}
 14091 | Lair:1   | Reached XP level 12. HP: 64/64 MP: 19/33
 15678 | Lair:2   | Reached skill level 5 in Fighting
 15838 | Lair:2   | HP: 3/70 [black mamba (13)]
 15929 | Lair:2   | Found a staircase to the Snake Pit.
 16844 | Lair:3   | Noticed a seven-headed hydra
 16860 | Lair:3   | Killed a seven-headed hydra
 16861 | Lair:3   | Reached XP level 13. HP: 76/76 MP: 23/34
 17222 | Lair:3   | Reached skill level 16 in Spellcasting
 17319 | Lair:3   | Found a staircase to the Swamp.
 17354 | Lair:3   | Learned a level 5 spell: Arcjolt
 17365 | Lair:3   | Learned a level 3 spell: Vhi's Electric Charge
 17372 | Lair:3   | Learned a level 6 spell: Plasma Beam
 17587 | Lair:3   | Reached skill level 1 in Air Magic
 18438 | Lair:3   | Reached skill level 5 in Air Magic
 20452 | Lair:5   | Entered Level 5 of the Lair of Beasts
 20592 | Lair:5   | Reached XP level 14. HP: 84/84 MP: 27/36
 20636 | Lair:5   | Reached skill level 10 in Air Magic
 21120 | Lair:5   | Identified the ring "Hauteo" {rPois rF+ rC- Str+6 Dex+3}
 21260 | Orc:1    | Entered Level 1 of the Orcish Mines
 21260 | Orc:1    | Found Igiakups's Distillery.
 21804 | Orc:2    | Entered Level 2 of the Orcish Mines
 21816 | Orc:2    | Found a frozen archway.
 21857 | IceCv    | Entered an ice cave
 22035 | IceCv    | Identified the ring of Desertification {rPois rF- rCorr
                  | EV+5 Slay+6}
 22682 | Orc:2    | Found Qoazxast's Weapon Shop.
 22757 | Orc:2    | Found Wipt's Distillery.
 22757 | Orc:2    | Found Juvuimox's Assorted Antiques.
 22760 | Orc:2    | Found Xiraups's Antique Armour Boutique.
 22768 | Orc:2    | Bought a steaming buckler for 247 gold pieces
 22768 | Orc:2    | Identified the +1 buckler of Amorality {Str+2 Int+3 Stlth+}
                  | (You bought it in a shop on level 2 of the Orcish Mines)
 22768 | Orc:2    | Bought a spiked leather armour for 182 gold pieces
 22768 | Orc:2    | Identified the +0 leather armour of Happy Babbling {Str+5}
                  | (You bought it in a shop on level 2 of the Orcish Mines)
 22770 | Orc:2    | Quit the game

Illustrated notes

Levels and vault maps discovered:
D:1:      dpeg_arrival_ratfight, layout_loops_ring
D:2:      layout_loops_ring, minmay_circled_x
D:3:      layout_rooms, nicolae_gozag_zags_fifth_avenue,
          kennysheep_generic_room_3, uniq_natasha
D:4:      layout_loops_ring, general_overflow_altar
D:5:      layout_basic
D:6:      layout_gridville, kennysheep_orc_sif_temple,
          minmay_temple_entry_statues_pillars
D:7:      cheibrodos_fertilizer, layout_gridville, kennysheep_little_box,
          nicolae_ru_great_annihilating_truth, mainiacjoe_overflow_big_doors
D:8:      layout_gridville
D:9:      layout_basic, nicolae_sextant
D:10:     layout_basic, david_lair_shrubbed, hiddenorc2_lemuel, serial_shops,
          nicolae_shop_bloodbath_and_beyond, uniq_harold
D:11:     nicolae_BIG_FREAKIN_CUBE, layout_irregular_city,
          kennysheep_generic_room_2
Lair:1:   layout_loops_ring, grunt_megastairs_5, infiniplex_staircase_pool_2,
          serial_bayou_shore_a, serial_bayou_shore_b
Lair:2:   layout_layer_cave, minmay_snake_entry_six_corridors
Lair:3:   lemuel_reptile_caves, layout_regular_city, skrybe_swamp_entry_bodies,
          serial_rivers, chequers_serial_rivers_small_a,
          chequers_serial_rivers_micro_b, chequers_serial_rivers_small_3,
          chequers_serial_rivers_room_b, chequers_serial_rivers_room_a,
          chequers_serial_rivers_room_b
Lair:4:   layout_loops_ring, grunt_forest_small_clearings, minivault_19,
          infiniplex_staircase_pool, lemuel_fruit_fields
Lair:5:   minmay_lair_end_frog_pond, layout_regular_city,
          dpeg_slime_entry_corner, lemuel_fruit_tree
Orc:1:    layout_caves, serial_shops, shop
Orc:2:    st_orc_mages, layout_caves, gammafunk_ghost_fury_of_okawaru,
          portal_ice_cave_rime, uniq_saint_roka

Skill      XL: |  1  2  3  4  5  6  7  8  9 10 11 12 13 14 |
---------------+-------------------------------------------+-----
Spellcasting   | 4 5 6 8 10 12 15 16 | 16.3
Conjurations   | 5 6 7 9 11 13 | 13.7
Hexes          | 4 6 |  6.0
Fighting       | 3 7 8 |  8.0
Dodging        | 5 8 |  8.0
Poison Magic   | 6 8 |  8.0
Shields        | 2 4 |  4.0
Air Magic      | 9 13 | 13.0
Stealth        | |  2.4

Action                     |  1- 3 |  4- 6 |  7- 9 | 10-12 | 13-15 || total
---------------------------+-------+-------+-------+-------+-------++-------
  Melee: Dagger            |     1 |     1 |     6 |   159 |   164 ||   331
         Punch             |       |       |       |     1 |       ||     1
   Cast: Magic Dart        |    59 |    30 |    36 |    52 |    24 ||   201
         Searing Ray       |     6 |    21 |    19 |    45 |     2 ||    93
         Fulminant Prism   |       |     1 |    48 |    98 |    41 ||   188
         Poisonous Vapours |       |       |       |    45 |    27 ||    72
         Olgreb's Toxic Ra |       |       |       |    21 |    51 ||    72
         Arcjolt           |       |       |       |       |    77 ||    77
         Vhi's Electric Ch |       |       |       |       |     1 ||     1
    Use: Scroll            |       |       |     7 |    12 |     2 ||    21
         Potion            |       |       |     5 |     4 |     1 ||    10
   Stab: Sleeping          |     1 |       |       |     2 |     1 ||     4
         Distracted        |       |       |       |       |     1 ||     1
 Armour: Robe              |       |     5 |    12 |    72 |    96 ||   185
  Dodge: Dodged            |     4 |     7 |     5 |   130 |   132 ||   278
  Block: Other             |       |       |     6 |    25 |       ||    31
         Reflection        |       |       |       |     3 |     1 ||     4
         Buckler           |       |       |       |   126 |   207 ||   333
